 Dungeon Crawl Stone Soup version 0.19-a0-1889-g9c603be (webtiles) character file.

511 Glaeka the Gusty (level 6, -9/34 HPs)
             Began as a Deep Elf Air Elementalist on Oct 17, 2016.
             Was an Initiate of Vehumet.
             Killed from afar by taraiph's ghost (24 damage)
             ... with a stone arrow
             ... on level 5 of the Dungeon on Oct 18, 2016.
             The game lasted 00:30:05 (3227 turns).

Glaeka the Gusty (Deep Elf Air Elementalist)        Turns: 3227, Time: 00:30:06

Health: -9/34      AC:  5    Str:  5    XL:     6   Next: 99%
Magic:  15/15      EV: 12    Int: 22    God:    Vehumet [......]
Gold:   208        SH:  0    Dex: 15    Spells: 4 memorised, 6 levels left

rFire  . . .     SeeInvis .     a - +0 short sword (protect)
rCold  . . .     Gourm    .     q - +0 leather armour
rNeg   . . .     Faith    .     (no shield)
rPois  .         Spirit   .     s - +0 helmet
rElec  .         Reflect  .     l - +0 cloak
rCorr  .         Harm     .     (no gloves)
MR     .....                    (no boots)
Stlth  ++........               (no amulet)
                                (no ring)
                                (no ring)

@: no status effects
A: no striking features
a: Renounce Religion


You were on level 5 of the Dungeon.
You worshipped Vehumet.
Vehumet was noncommittal.
You were not hungry.

You visited 2 branches of the dungeon, and saw 6 of its levels.

You collected 208 gold pieces.

Inventory:

Hand Weapons
 a - a +0 short sword of protection (weapon)
 w - a cursed -1 flail
Armour
 l - a +0 cloak (worn)
 q - a +0 leather armour (worn)
 s - a +0 helmet (worn)
Jewellery
 g - a +4 ring of dexterity {unknown}
 u - a cursed ring of loudness {unknown}
Wands
 e - a wand of acid (9/15)
Scrolls
 d - 2 scrolls of remove curse
 h - 2 scrolls of identify
 k - 2 scrolls of teleportation
 o - 2 scrolls of blinking {unknown}
 p - a scroll of fear {unknown}
 t - 2 scrolls of enchant armour {unknown}
Potions
 f - 3 potions of curing
 i - 2 potions of resistance {unknown}
 j - a potion of cancellation {unknown}
 n - a potion of heal wounds {unknown}
 x - 2 potions of brilliance {unknown}
Books
 b - a book of Air

   Spells                             Type                      Level
   a - Shock                          Conjuration/Air              1
   b - Swiftness                      Charms/Air                   2
   c - Repel Missiles                 Charms/Air                   2
   d - Static Discharge               Conjuration/Air              3
   e - Lightning Bolt                 Conjuration/Air              5
Comestibles
 c - 2 bread rations
 m - 2 meat rations
 r - 2 slices of pizza


   Skills:
 + Level 1.2 Fighting
 - Level 1.1 Short Blades
 - Level 2.4 Dodging
 - Level 2.4 Stealth
 + Level 4.9 Spellcasting
 + Level 3.2 Conjurations
 * Level 6.2 Air Magic


You had 6 spell levels left.
You knew the following spells:

 Your Spells              Type           Power        Failure   Level  Hunger
a - Shock                 Conj/Air       ####         2%          1    None
b - Swiftness             Chrm/Air       ###.....     10%         2    None
c - Repel Missiles        Chrm/Air       ###...       10%         2    None
d - Static Discharge      Conj/Air       ####....     10%         3    ##.....


Dungeon Overview and Level Annotations

Branches:
Dungeon (5/15)             Temple (1/1) D:4

Altars:
Cheibriados
Dithmenos
Elyvilon
Hepliaklqana
Kikubaaqudgha
Makhleb
Nemelex Xobeh
Qazlal
Ru
Sif Muna
Trog
Uskayaw
Vehumet
Xom
Yredelemnul
Zin

Annotations:
D:5 taraiph's ghost, amateur SpEE


Message History

Found a bread ration.
Found a stone staircase leading down.
Magic restored.
c - 2 bread rations (gained 1)
You open the door.
Found 18 stones.
There is an open door here.
You close the door.
You open the door.
There is an open door here.
As you open the door, it creaks loudly!
There is an open door here.
Found an escape hatch in the floor.
Taraiph's ghost points at you and mumbles some strange words.
The stone arrow is repelled.
You feel less protected from missiles.
There is an escape hatch in the floor here.
Taraiph's ghost casts a spell at you. The stone arrow hits you!
Ouch! That really hurt!
You die...

##..#......# #...........
##..#......# ###+##....#+#
#.[.#......# .....'....#..
#...#......# .....#....#..
#...#......# ....#....#..
#...#......# ...#....#..
#...#......# #### #..#....###
#...#.<....#####..####..###.....
#...#......#...@...W......#.....
#...#......#..............#.....
##..#......#..##########'##.....
##..#......#..##..............##
#...#......#...'..............#.
#...#......#...#..............'.
#...#......#...#..............#.
##..#......###'#..............##
###..##...........####...........


You could see taraiph's ghost.

Vanquished Creatures
  A centaur (D:5)
  An ogre (D:5)
  A hound (D:4)
  An iguana (D:5)
  Ijyb (D:3)
  3 worker ants
  10 adders
  3 oozes
  3 adder skeletons (D:4)
  A worm (D:2)
  4 dart slugs
  2 leopard geckos
  6 orcs
  8 bats
  4 giant cockroaches
  4 goblins
  4 hobgoblins
  6 jackals
  A quokka (D:4)
  2 ball pythons (D:3)
  A frilled lizard (D:1)
  9 kobolds
  5 rats
81 creatures vanquished.

Notes
Turn   | Place    | Note
-------+----------+-------------------------------------------
     0 | D:1      | Glaeka the Deep Elf Air Elementalist began the quest for the Orb.
     0 | D:1      | Reached XP level 1. HP: 10/10 MP: 6/6
   229 | D:1      | Reached XP level 2. HP: 2/15 MP: 6/8
   233 | D:1      | Learned a level 2 spell: Swiftness
   236 | D:1      | Learned a level 2 spell: Repel Missiles
   670 | D:2      | Reached skill level 4 in Air Magic
   740 | D:2      | Reached XP level 3. HP: 4/19 MP: 0/9
   896 | D:2      | Learned a level 3 spell: Static Discharge
  1237 | D:3      | Reached XP level 4. HP: 24/24 MP: 7/11
  1316 | D:3      | Noticed Ijyb
  1331 | D:3      | Killed Ijyb
  1404 | D:3      | Reached skill level 1 in Short Blades
  1500 | D:3      | Found a burning altar of Makhleb.
  1800 | D:4      | Noticed a phantom
  1835 | D:4      | Reached XP level 5. HP: 24/28 MP: 5/13
  1996 | D:4      | Found a staircase to the Ecumenical Temple.
  2008 | Temple   | Entered the Ecumenical Temple
  2071 | Temple   | Became a worshipper of Vehumet
  2237 | D:4      | Reached skill level 1 in Fighting
  2237 | D:4      | Reached skill level 5 in Air Magic
  2362 | D:5      | Entered Level 5 of the Dungeon
  2403 | D:5      | Noticed an ogre
  2430 | D:5      | Killed an ogre
  2430 | D:5      | Reached XP level 6. HP: 31/34 MP: 0/14
  2905 | D:5      | HP: 1/34 [iguana (4)]
  2988 | D:5      | Noticed taraiph's ghost (amateur SpEE)
  3118 | D:5      | Reached skill level 6 in Air Magic
  3227 | D:5      | Killed from afar by taraiph's ghost

Vault maps used:
D:1:      lightli_arrival_flooded_house
D:3:      bloody_makhleb, uniq_iyjb
D:4:      hex_large, hex_intersection, minivault_27, uniq_eustachio
D:5:      first_bread
Temple:   eino_narrow_crystal_temple

Skill      XL: |  1  2  3  4  5  6 |
---------------+-------------------+-----
Air Magic      | 4 5 6 |  6.2
Short Blades   | 1 |  1.1
Conjurations   | 2 3 |  3.2
Spellcasting   | 4 |  4.9
Fighting       | 1 |  1.2
Dodging        | |  2.4
Stealth        | |  2.4

Action                   |  1- 3 |  4- 6 || total
-------------------------+-------+-------++-------
Melee: Dagger            |    30 |       ||    30
       Short sword       |     5 |    73 ||    78
 Cast: Shock             |    71 |   124 ||   195
       Repel Missiles    |     1 |       ||     1
       Swiftness         |       |     1 ||     1
  Use: Scroll            |     4 |     3 ||     7
       Potion            |       |     2 ||     2
 Stab: Sleeping          |     1 |       ||     1
  Eat: Chunk             |     1 |     3 ||     4
       Pizza             |       |     1 ||     1
       Beef jerky        |       |     1 ||     1
Armor: Robe              |     6 |       ||     6
       Leather armour    |       |    26 ||    26
Dodge: Dodged            |    17 |    59 ||    76
       Deflected         |       |     2 ||     2
